 Dungeon Crawl Stone Soup version 0.30-b1-2-g02819fbbbe (webtiles) character file.

Game seed: 1518023659222020059

1393 Alarkh the Martial Artist (level 8, 0/90 HPs)
             Began as a Demonspawn Chaos Knight on May 21, 2023.
             Was a Plaything of Xom.
             Constricted to death by a gnoll sergeant (2 damage)
             ... on level 6 of the Dungeon.
             The game lasted 00:17:38 (9156 turns).

Alarkh the Martial Artist (Demonspawn Chaos Knight) Turns: 9156, Time: 00:17:38

Health: 0/90       AC: 13    Str: 10    XL:     8   Next: 41%
Magic:  11/11      EV:  8    Int: 17    God:    Xom [*.....]
Gold:   240        SH:  0    Dex: 18    Spells: 10/11 levels left

rFire   . .          .
                       - Unarmed
rCold   . . .        (no shield)
rNeg    + . .        f - +2 ring mail {Will+}
rPois   .            l - +0 helmet
rElec   .            (no cloak)
rCorr   .            v - +0 pair of gloves
SInv    .            (no boots)
Will    .....        (no amulet) Stlth
                     c - ring of positive energy
HPRegen 0.00/turn    q - +6 ring of dexterity
MPRegen 0.12/turn

%: clarity
@: berserking, weak-willed, grasped by roots, inhibited regen, constricted, very
quick
A: claws 1, yellow scales 1, powered by death 1, clarity, mutation resistance 1,
shaggy fur 2, inhibited regeneration, weak 1, inability to read after injury 1,
MP-powered wands
a: Renounce Religion


You were on level 6 of the Dungeon.
You worshipped Xom.
You were a special plaything of Xom.
You visited 2 branches of the dungeon, and saw 7 of its levels.
You also visited: Sewer.

You collected 240 gold pieces.

Inventory:

Armour
 a - a +2 leather armour
 f - a +2 ring mail of willpower (worn)
 l - a +0 helmet (worn)
 s - a +0 kite shield
 v - a +0 pair of gloves (worn)
 y - a +0 scale mail of fire resistance
Magical Staves
 h - the staff of fire "Pudyarru" {rF+ MP+9 Str+3 SInv}
   (Xom gifted it to you on level 3 of the Dungeon)

   [staff of fire]

   Base accuracy: +5 Base damage: 5 Base attack delay: 1.2 This weapon's minimum
   attack delay (0.6) is reached at skill level 12.
   Str:       It affects your strength (+3).
   rF:        It protects you from fire.
   MP:        It affects your magic capacity (+9).
   SInv:      It lets you see invisible.
   It falls into the 'Staves' category.
   It is a one-handed weapon.
Jewellery
 c - a ring of positive energy (left hand)
 q - a +6 ring of dexterity (right hand)
 C - a ring of poison resistance
Wands
 u - a wand of charming (6)
 z - a wand of flame (17)
Scrolls
 d - 2 scrolls of immolation
 e - 2 scrolls of enchant weapon
 i - a scroll of teleportation
 j - a scroll of fear
 o - a scroll of vulnerability
 r - a scroll of identify
 t - a scroll of magic mapping
 w - a scroll of fog
 x - 2 scrolls of amnesia
Potions
 g - a potion of ambrosia
 k - 2 potions of curing
 m - 3 potions of cancellation
 n - a potion of lignification
 p - a potion of flight {unknown}
 B - a potion of heal wounds
 D - a potion of invisibility
Miscellaneous
 b - a piece from Xom's chessboard (15/15) (quivered)


   Skills:
 + Level 3.8 Fighting
 - Level 1.7 Armour
 + Level 2.1 Dodging
 * Level 8.9 Unarmed Combat
 - Level 2.0 Spellcasting
 - Level 2.0 Summonings


You had 10 spell levels left.
You knew the following spells:

 Your Spells              Type           Power      Damage    Failure   Level
a - Summon Small Mammal   Summ           32%        N/A       22%         1

Your spell library contained the following spells:

 Spells                   Type           Power      Damage    Failure   Level
 Call Canine Familiar     Summ           8%         N/A       54%         3
 Sublimation of Blood     Necr           1%         N/A       58%         2
 Wereblood                Tmut           1%         N/A       58%         2
 Summon Guardian Golem    Hex/Summ       5%         N/A       67%         3
 Summon Hydra             Summ           4%         N/A       100%        7


Dungeon Overview and Level Annotations

Branches:
Dungeon (6/15)             Temple (1/1) D:6           Sewer (visited)

Altars:
Ashenzari
Cheibriados
Dithmenos
Fedhas
Gozag
Hepliaklqana
Kikubaaqudgha
Makhleb
Nemelex Xobeh
Okawaru
Qazlal
Ru
Uskayaw
Vehumet
Wu Jian
Xom
Yredelemnul

Shops:
D:6 =

Annotations:
D:3 Grinder
D:6 2 transporters, kwasso's ghost, novice FoHu


Innate Abilities, Weirdness & Mutations

You have sharp fingernails.
You are partially covered in yellow scales. (AC +2)
You regenerate a little health from kills.
You possess an exceptional clarity of mind.
You are somewhat resistant to further mutation.
You are covered in thick fur. (AC +2)
You do not regenerate when monsters are visible.
You are weak. (Str -2)
You occasionally lose the ability to read scrolls when taking damage.
You expend magic power (3 MP) to strengthen your wands.


Message History

The orc is moderately wounded.
The orc misses you.
You punch the orc!
You kill the orc!
The gnoll sergeant zaps a wand.
The roots erupt in riotous growth!
The grasping roots grab you! The grasping roots constrict you.
* * * LOW HITPOINT WARNING * * *
Press: ? - help, v - describe, . - travel
Here: a gnoll sergeant, wielding a +0 morningstar, wearing a +0 ring mail and carrying a wand of roots (6) (lightly wounded)
The floor.
As you read the scroll labelled KECAETEKUE, it crumbles to dust.
Magic quickly surges around you.
It was a scroll of vulnerability.
The grasping roots constrict you.
* * * LOW HITPOINT WARNING * * *
You escape the roots grasp.
A red film seems to cover your vision as you go berserk!
You feel yourself moving faster!
You feel mighty!
You hit the gnoll sergeant but do no damage.
The gnoll sergeant is lightly wounded.
You punch the gnoll sergeant!
The gnoll sergeant is severely wounded.
The gnoll sergeant zaps a wand.
The roots erupt in riotous growth!
The grasping roots grab you!
The gnoll sergeant is unaffected.
The grasping roots constrict you.
* * * LOW HITPOINT WARNING * * *
You barely miss the gnoll sergeant.
The gnoll sergeant is severely wounded.
You completely miss the gnoll sergeant.
The gnoll sergeant is severely wounded.
The gnoll sergeant hits you with a +0 morningstar.
* * * LOW HITPOINT WARNING * * *
The grasping roots constrict you.
* * * LOW HITPOINT WARNING * * *
You closely miss the gnoll sergeant.
The gnoll sergeant is severely wounded.
The gnoll sergeant hits you but does no damage.
The grasping roots constrict you.
You die...
Xom thinks this is hilarious!

#...# #........##5#
####.#### #.....#.##...
#.......# ##..o.>#.#....
#.##.##.# #........#..##
#.##.##.# #.#####..#...#
#.##....# #.#####.##.#..
#.####..###)##....# ...#
#.#.....g.#)##.##.## .#.
#......@#.#g.......###.
###.##.##g#..........###
#.##.........##.##....
#.#####.#....##.######
#.#####.#...###.# #
#.......##.## #.# #
##########.. ..# # ####
## ## #.


You could see a gnoll sergeant (weak-willed).

Vanquished Creatures
  An ice beast (D:5)
  2 ogres
  A centaur (D:6)
  A phantom (D:4)
  Blork the orc (D:5)
  A scorpion (D:3)
  A gnoll bouda (D:6)
  2 orc priests
  5 hounds
  Ijyb (D:3)
  Jessica (D:3)
  3 iguanas
  3 sleepcaps
  An orc wizard (D:6)
  7 gnolls (D:6)
  14 adders
  2 river rats
  2 white imps
  3 worms
  3 dart slugs
  19 orcs
  5 ball pythons
  6 endoplasms
  6 giant cockroaches
  8 goblins
  6 hobgoblins
  3 jackals (D:3)
  11 kobolds
  3 quokkas
  5 bats
  3 frilled lizards
  5 rats
135 creatures vanquished.

Vanquished Creatures (collateral kills)
  An orc priest (D:3)
  A dart slug (D:1)
  An orc (D:3)
  A hobgoblin (D:3)
  A jackal (D:3)
5 creatures vanquished.

Vanquished Creatures (others)
  A hobgoblin (D:3)
1 creature vanquished.

Grand Total: 141 creatures vanquished

Notes
Turn   | Place    | Note
-------+----------+-------------------------------------------
     0 | D:1      | Alarkh the Demonspawn Chaos Knight began the quest for the
                  | Orb.
     0 | D:1      | Reached XP level 1. HP: 18/18 MP: 1/1
    40 | D:1      | XOM: divination: magic mapping
   130 | D:1      | Reached skill level 3 in Unarmed Combat
   271 | D:1      | Gained mutation: You regenerate a little health from kills.
                  | [demonic ancestry]
   271 | D:1      | Reached XP level 2. HP: 23/24 MP: 2/2
   509 | D:1      | XOM: divination: detect items
   549 | D:1      | XOM: silly message
   639 | D:1      | Learned a level 1 spell: Summon Small Mammal
   963 | D:1      | XOM: cast spell 'Cause Fear'
  1232 | D:2      | Gained mutation: You have sharp fingernails. [demonic
                  | ancestry]
  1232 | D:2      | Reached XP level 3. HP: 14/29 MP: 0/3
  1532 | D:2      | XOM: cloud trail
  1556 | D:2      | Reached skill level 4 in Unarmed Combat
  1556 | D:2      | Reached skill level 1 in Spellcasting
  1556 | D:2      | Reached skill level 1 in Summonings
  1579 | D:2      | Reached XP level 4. HP: 35/35 MP: 5/5
  1715 | D:2      | XOM: noise
  2055 | D:2      | XOM: cloud trail
  2330 | D:3      | Noticed Grinder
  2338 | D:3      | XOM: divination: magic mapping
  2623 | D:3      | Noticed a scorpion
  2630 | D:3      | XOM: destruction
  2631 | D:3      | XOM: scenery: 4 doors close
  2840 | D:3      | Gained mutation: You occasionally lose the ability to read
                  | scrolls when taking damage. [potion of mutation]
  2840 | D:3      | Gained mutation: You possess an exceptional clarity of
                  | mind. [potion of mutation]
  2846 | D:3      | XOM: summons friendly quasit
  2853 | D:3      | Killed a scorpion
  2854 | D:3      | Reached XP level 5. HP: 41/41 MP: 5/8
  2950 | D:3      | Noticed Ijyb
  2968 | D:3      | XOM: smoke on damage
  3003 | D:3      | XOM: confuse monster(s)
  3101 | D:3      | Identified the staff of fire "Pudyarru" {rF+ MP+9 Str+3
                  | SInv} (Xom gifted it to you on level 3 of the Dungeon)
  3101 | D:3      | XOM: god gift: staff of fire "Pudyarru" {rF+ MP+9 Str+3
                  | SInv}
  3139 | D:2      | XOM: god gift: helmet {god gift}
  3279 | D:3      | XOM: scenery: 1 doors close
  3317 | D:3      | XOM: fog
  3391 | D:3      | Killed Ijyb
  3392 | D:3      | Reached skill level 5 in Unarmed Combat
  3419 | D:3      | XOM: 2-stop teleportation journey
  3420 | D:3      | Found a broken altar of Ashenzari.
  3468 | D:3      | XOM: god gift: scroll labelled VOIMAB OTHUODD {god gift}
  3474 | D:3      | Noticed Jessica
  3479 | D:3      | Killed Jessica
  3838 | D:3      | Noticed Sigmund
  3848 | D:3      | Sigmund changed into Sigmund the hound
  3848 | D:3      | Noticed Sigmund
  3848 | D:3      | XOM: polymorph Sigmund -> Sigmund the hound
  3849 | D:3      | Killed Sigmund the hound
  3850 | D:3      | Reached XP level 6. HP: 47/47 MP: 9/9
  4104 | D:3      | XOM: silly message
  4416 | D:4      | XOM: cast spell 'Summon Small Mammal'
  4426 | D:4      | Reached skill level 6 in Unarmed Combat
  4466 | D:4      | XOM: god gift: glowing scale mail {god gift}
  4685 | D:4      | Found a glowing drain.
  4689 | Sewer    | Entered a sewer
  4695 | Sewer    | XOM: noise
  4910 | Sewer    | XOM: give mutations
  4910 | Sewer    | Gained mutation: Your mind is acute. (Int +4, Str/Dex -1)
                  | [Xom's grace]
  4910 | Sewer    | Gained mutation: You have sharp toenails. [Xom's grace]
  4910 | Sewer    | Gained mutation: You expend magic power (3 MP) to
                  | strengthen your wands. [Xom's grace]
  5339 | Sewer    | XOM: torment (18/47 hp)
  6544 | Sewer    | XOM: give mutations
  6544 | Sewer    | Lost mutation: You have sharp toenails. [Xom's mischief]
  6544 | Sewer    | Gained mutation: You are agile. (Dex +4, Str/Int -1) [Xom's
                  | mischief]
  6679 | D:4      | Reached XP level 7. HP: 50/52 MP: 10/10
  6871 | D:4      | XOM: 2-stop teleportation journey
  6877 | D:4      | Reached skill level 7 in Unarmed Combat
  7136 | D:5      | Entered Level 5 of the Dungeon
  7217 | D:5      | XOM: summons 4 hostile demons
  7218 | D:5      | Noticed a ynoxinul
  7218 | D:5      | Noticed a rust devil
  7530 | D:5      | Noticed Blork the orc
  7538 | D:5      | Killed Blork the orc
  7766 | D:5      | XOM: give mutations
  7766 | D:5      | Gained mutation: You are covered in fur. (AC +1) [Xom's
                  | mischief]
  7766 | D:5      | Gained mutation: You are covered in thick fur. (AC +2)
                  | [Xom's mischief]
  7766 | D:5      | Gained mutation: You have hidden genetic defects. [Xom's
                  | mischief]
  7766 | D:5      | Lost mutation: Your mind is acute. (Int +4, Str/Dex -1)
                  | [Xom's mischief]
  7912 | D:5      | Reached skill level 8 in Unarmed Combat
  7949 | D:5      | Gained mutation: You are weak. (Str -2) [hidden defects]
  8184 | D:6      | XOM: noise
  8190 | D:6      | Noticed a steam dragon
  8222 | D:6      | Reached skill level 1 in Dodging
  8222 | D:6      | Gained mutation: You are partially covered in yellow
                  | scales. (AC +2) [demonic ancestry]
  8222 | D:6      | Reached XP level 8. HP: 48/58 MP: 11/11
  8287 | D:6      | XOM: polymorph adder -> gnoll
  8400 | D:6      | Found a transporter.
  8408 | D:6      | Noticed kwasso's ghost (novice FoHu)
  8430 | D:6      | Gained mutation: You do not regenerate when monsters are
                  | visible. [hidden defects]
  8430 | D:6      | Lost mutation: You have hidden genetic defects. [hidden
                  | defects expressed]
  8477 | D:6      | Found a blossoming altar of Fedhas.
  8478 | D:6      | Found a snail-covered altar of Cheibriados.
  8607 | D:6      | Found Narosk's Jewellery Shop.
  8623 | D:6      | XOM: butterfly on damage
  8629 | D:6      | XOM: summons 1 hostile shadow creature
  8692 | D:6      | XOM: 1-stop teleportation journey
  8780 | D:6      | Found a transporter.
  8847 | D:6      | Found a staircase to the Ecumenical Temple.
  8888 | Temple   | Entered the Ecumenical Temple
  8982 | D:6      | XOM: give mutations
  8982 | D:6      | Gained mutation: You are somewhat resistant to further
                  | mutation. [Xom's mischief]
  8982 | D:6      | Lost mutation: You are agile. (Dex +4, Str/Int -1) [Xom's
                  | mischief]
  9085 | D:6      | XOM: torment (22/60 hp)
  9155 | D:6      | HP: 2/90 [constriction (5)]
  9156 | D:6      | Constricted to death by a gnoll sergeant

Illustrated notes

Levels and vault maps discovered:
D:1:      heliophobic_arrival_ceremonial_halls, layout_basic
D:2:      layout_loops_corners
D:3:      kennysheep_six_static_rooms, layout_basic, zin_treasury,
          nicolae_ashenzari_panopticon, minivault_25, grunt_decor_one_mirror,
          grunt_ministairs_14, uniq_grinder, uniq_sigmund, uniq_jessica,
          uniq_ijyb
D:4:      layout_loops_ring, gup_sewer_entry_spiral
D:5:      layout_loops_ring, lightli_corner_chamber, uniq_blork_the_orc
D:6:      layout_loops_cross, grunt_temple_overflow_open,
          minmay_temple_entry_butterflies, serial_shops,
          nicolae_shop_tiny_waterfront, gammafunk_ghost_stat_death
Temple:   hellmonk_temple_of_storms

Skill      XL: |  1  2  3  4  5  6  7  8 |
---------------+-------------------------+-----
Unarmed Combat | 3 4 5 6 8 |  8.9
Spellcasting   | 1 2 |  2.0
Summonings     | 1 2 |  2.0
Dodging        | 1 2 |  2.1
Fighting       | |  3.8
Armour         | |  1.7

Action                     |  1- 3 |  4- 6 |  7- 9 || total
---------------------------+-------+-------+-------++-------
  Melee: Unarmed           |   125 |   238 |   273 ||   636
         Punch             |     5 |     8 |    12 ||    25
         Kick              |       |     1 |       ||     1
   Cast: Summon Small Mamm |     4 |    17 |     2 ||    23
  Evoke: Piece from Xom's  |       |     3 |     2 ||     5
         Wand              |       |     6 |     2 ||     8
    Use: Scroll            |     1 |    17 |     5 ||    23
         Potion            |       |    10 |     2 ||    12
   Stab: Paralysed         |       |       |     4 ||     4
         Sleeping          |       |       |     1 ||     1
 Armour: Leather armour    |    11 |       |       ||    11
         Ring mail         |    30 |    82 |   120 ||   232
         Skin              |       |     9 |       ||     9
  Dodge: Dodged            |    65 |   117 |   109 ||   291
